 Dungeon Crawl Stone Soup version 0.29.1-15-g9cfb28693d (webtiles) character file.

Game seed: 17262728510806463081

20 leafyfresh the Sneak (level 2, -5/21 HPs)
             Began as an Octopode Delver on Mar 10, 2023.
             Slain by a gnoll
             ... wielding a +0 flail
              (8 damage)
             ... on level 5 of the Dungeon.
             The game lasted 00:00:13 (213 turns).

leafyfresh the Sneak (Octopode Delver)               Turns: 213, Time: 00:00:13

Health: -5/21      AC:  1    Str: 11    XL:     2   Next: 79%
Magic:  2/2        EV: 13    Int: 12    God:
Gold:   0          SH:  0    Dex: 13    Spells: 1/1 levels left

rFire   . . .      SeeInvis .   a - +0 short sword
rCold   . . .      Faith    .   (no shield)
rNeg    . . .      Spirit   .   (helmet restricted)
rPois   .          Reflect  .   (no amulet)
rElec   .          Harm     .   (no ring)
rCorr   .          Rampage  .   (no ring)
Will    .....                   (no ring)
Stlth   ++++......              (no ring)
HPRegen 0.07/turn               (no ring)
MPRegen 0.08/turn               (no ring)
                                (no ring)
                                (no ring)

@: no status effects
A: almost no armour, amphibious, 8 rings, camouflage 1, gelatinous body 1,
(nimble swimmer 1), tentacles
a: no special abilities


You were on level 5 of the Dungeon.
You visited 1 branch of the dungeon, and saw 1 of its levels.

Inventory:

Hand Weapons
 a - a +0 short sword (weapon)
Wands
 f - a wand of digging (3)
Scrolls
 b - a scroll of fog
 c - a scroll of magic mapping
 d - a scroll of fear
 h - a scroll of summoning {unknown}
Potions
 e - a potion of haste
 g - a potion of heal wounds {unknown}


   Skills:
 + Level 3.3 Fighting
 - Level 2.0 Short Blades
 + Level 2.4 Dodging
 + Level 6.9 Stealth


You had one spell level left.
You didn't know any spells.
Your spell library was empty.

Dungeon Overview and Level Annotations

Branches:
Dungeon (5/15)
 Temple: D:4-7

Altars:


Innate Abilities, Weirdness & Mutations

You cannot wear most types of armour.
You are amphibious.
You can wear up to eight rings at the same time.
Your skin changes colour to match your surroundings (Stealth+).
Your rubbery body absorbs attacks. (AC +1, EV +1)
((You are camouflaged when in or above water. (Stealth+)))
You have tentacles for arms and can constrict up to eight enemies at once.


Message History

You have reached level 2!
You hear the slow hiss of a very distant avalanche of sand.
Key pressed, stopping explore.
No target in view!
You hear the slow hiss of a very distant avalanche of sand.
HP restored.
You hear the slow hiss of a very distant avalanche of sand.
g - a grey potion No target in view!
h - a scroll labelled JYZEZURAVE No target in view!
A gnoll comes into view. It is wielding a +0 flail.
A gnoll comes into view. It is wielding a +0 halberd.
There are monsters nearby!
A gnoll comes into view. It is wielding a +0 flail.
There are monsters nearby!
The gnoll shouts! x3
There are monsters nearby!
You hear the slow hiss of an avalanche of sand nearby.
The gnoll throws a throwing net.
The throwing net closely misses you. The gnoll misses you.
The gnoll hits you with a +0 flail. The gnoll closely misses you.
Unknown command.
The gnoll closely misses you. The gnoll barely misses you.
The gnoll misses you. The gnoll attacks as you move away!
The gnoll completely misses you. The gnoll attacks as you move away!
The gnoll hits you but does no damage.
You hit the gnoll. You grab the gnoll. You squeeze the gnoll!
You kill the gnoll!
You barely miss the gnoll. You grab the gnoll. You constrict the gnoll.
The gnoll hits you but does no damage.
You hit the gnoll but do no damage.
The gnoll is lightly wounded.
You constrict the gnoll, but do no damage.
The gnoll hits you from afar with a +0 halberd.
The gnoll hits you with a +0 flail!
* * * LOW HITPOINT WARNING * * *
You hit the gnoll but do no damage. You constrict the gnoll.
The gnoll closely misses you. The gnoll hits you with a +0 flail!
You die...

##### #...#
#####...#####...#
........g@......#
...#.#g####....#
###.#.....##....#
........#.# #...#
###.##..#(###...########
#.....................
###..##...##....####
#.....#.##.#..#
.....#.#.##.##.##


You could see 2 gnolls.

Vanquished Creatures
  A gnoll (D:5)
  A shadow imp (D:5)
  An orc (D:5)
3 creatures vanquished.

Notes
Turn   | Place    | Note
-------+----------+-------------------------------------------
     0 | D:5      | leafyfresh the Octopode Delver began the quest for the Orb.
     0 | D:5      | Reached XP level 1. HP: 16/16 MP: 1/1
    22 | D:5      | Reached XP level 2. HP: 11/21 MP: 2/2
   213 | D:5      | Slain by a gnoll

Illustrated notes

Levels and vault maps discovered:
D:5:      kennysheep_big_flooded_room, layout_basic,
          nicolae_hepliaklqana_ecumenical_no_more,
          nicolae_ossuary_entry_monument

Action                   || total
-------------------------++-------
Melee: Short sword       ||     8
       Constrict         ||     3
       Tentacles         ||     2
 Stab: Sleeping          ||     1
Armor: Skin              ||     2
Dodge: Dodged            ||    10
